 Dungeon Crawl Stone Soup version 0.31.0-11-ge490571c62 (webtiles) character file.

Game seed: 13791747071280567714

274 hawla the Trooper (level 6, -13/58 HPs)
             Began as a Minotaur Fighter on Feb 8, 2024.
             Killed from afar by a steam dragon (22 damage)
             ... with a ball of steam
             ... on level 4 of the Dungeon.
             The game lasted 00:05:25 (2530 turns).

hawla the Trooper (Minotaur Fighter)                Turns: 2530, Time: 00:05:26

Health: -13/58     AC: 10    Str: 23    XL:     6   Next: 3%
Magic:  5/5        EV:  9    Int:  5    God:
Gold:   204        SH:  4    Dex:  9    Spells: 5/5 levels left

rFire   . . .        a - +1 war axe
rCold   . . .        c - +0 buckler
rNeg    . . .        m - +0 chain mail
rPois   .            j - +1 hat
rElec   .            (no cloak)
rCorr   .            (no gloves)
SInv    .            (no boots)
Will    .....        (no amulet) Stlth
                     (no ring)
HPRegen 0.29/turn    (no ring)
MPRegen 0.09/turn

%: no passive effects
@: no status effects
A: horns 2, retaliatory headbutt
a: no special abilities


You were on level 4 of the Dungeon.
You visited 1 branch of the dungeon, and saw 5 of its levels.

You collected 204 gold pieces.

Inventory:

Hand Weapons
 a - a +1 war axe (weapon)
Missiles
 t - 11 poisoned darts (quivered)
Armour
 c - a +0 buckler (worn)
 j - a +1 hat (worn)
 m - a +0 chain mail (worn)
 u - a +2 tower shield
Jewellery
 g - an amulet of guardian spirit
Wands
 s - a wand of charming (9)
Scrolls
 f - a scroll of immolation
Potions
 b - a potion of mutation
 d - 2 potions of might
 e - a potion of enlightenment
 h - 5 potions of curing
 k - a potion of heal wounds
 n - a potion of attraction
 o - a potion of lignification


   Skills:
 + Level 6.5 Fighting
 - Level 2.4 Axes
 - Level 3.6 Armour
 - Level 3.0 Dodging
 - Level 5.0 Shields


You had 5 spell levels left.
You didn't know any spells.
Your spell library was empty.

Dungeon Overview and Level Annotations

Branches:
Dungeon (5/15)
 Temple: D:4-7

Altars:
Zin

Shops:
D:1 [


Innate Abilities, Weirdness & Mutations

You have a pair of horns on your head.
You reflexively headbutt those who attack you in melee.


Message History

The steam dragon claws you but does no damage.
You hit the steam dragon.
You headbutt the steam dragon, but do no damage.
The steam dragon is severely wounded.
The steam dragon bites you! You block the steam dragon's attack.
The steam dragon breathes steam at you. The ball of steam hits you!!
* * * LOW HITPOINT WARNING * * *
You feel much better.
You are engulfed in a cloud of scalding steam.
The steam dragon bites you but does no damage.
The steam dragon claws you but does no damage.
You are engulfed in a cloud of scalding steam.
The steam dragon closely misses you. The steam dragon barely misses you.
Aiming: Corrosive Bolt
Press: ? - help, Shift-Dir - straight line, f - steam dragon
Aim: a steam dragon (heavily wounded, catching its breath, 71% to hit)
The bolt of acid hits the steam dragon.
The steam dragon is severely wounded.
The steam dragon bites you. The steam dragon barely misses you.
Aiming: Corrosive Bolt
Press: ? - help, Shift-Dir - straight line, f/p - steam dragon
Aim: a steam dragon (severely wounded, catching its breath, 71% to hit)
The bolt of acid misses the steam dragon.
The now-empty wand crumbles to dust.
The steam dragon bites you but does no damage.
The steam dragon claws you.
You hit the steam dragon.
The steam dragon is severely wounded.
The steam dragon closely misses you. You furiously retaliate!
You headbutt the steam dragon. You block the steam dragon's attack.
You barely miss the steam dragon.
You headbutt the steam dragon, but do no damage.
The steam dragon is almost dead.
The steam dragon breathes steam at you. The ball of steam hits you!
* * * LOW HITPOINT WARNING * * *
The steam dragon breathes steam at you. The ball of steam hits you!!
You die...

#.# .# #.# ######.#
#####.### #......#
#.......# #......#
#.......# #......#
#####.......# #......#
#<..'.......#
#....D.#######.......#
#...§@.#........#..###
.##..§...#.######.#..#
#....§....# #.#..#
###.§.....########.#..#
##...............#..#
........###########..#
........# ..# ...##+#..
... #.#


You could see a steam dragon (catching breath).

Vanquished Creatures
  A phantom (D:5)
  A bombardier beetle (D:5)
  A hound (D:2)
  An iguana (D:4)
  Robin (D:2)
  2 adders
  A dart slug (D:1)
  A ribbon worm (D:3)
  An orc (D:5)
  6 endoplasms
  2 giant cockroaches
  12 goblins
  6 hobgoblins
  8 jackals (D:1)
  A quokka (D:3)
  7 ball pythons
  7 bats
  4 frilled lizards
  10 kobolds
  6 rats
79 creatures vanquished.

Notes
Turn   | Place    | Note
-------+----------+-------------------------------------------
     0 | D:1      | hawla the Minotaur Fighter began the quest for the Orb.
     0 | D:1      | Reached XP level 1. HP: 19/19 MP: 0/0
    93 | D:1      | Reached skill level 1 in Dodging
   115 | D:1      | Reached XP level 2. HP: 26/26 MP: 1/1
   301 | D:1      | Found Apor Nag's Antique Armour Boutique.
   465 | D:1      | Reached XP level 3. HP: 31/31 MP: 2/2
   536 | D:1      | Found a faded altar of an unknown god.
   960 | D:2      | Noticed Robin
   970 | D:2      | Reached skill level 5 in Shields
   970 | D:2      | Reached XP level 4. HP: 35/40 MP: 3/3
   977 | D:2      | Killed Robin
   978 | D:2      | Reached skill level 4 in Fighting
  1460 | D:3      | Found a glowing silver altar of Zin.
  1993 | D:3      | You fall into a shaft and drop 2 floors!
  1993 | D:5      | Entered Level 5 of the Dungeon
  2012 | D:5      | Noticed a phantom
  2035 | D:5      | Reached XP level 5. HP: 37/47 MP: 4/4
  2036 | D:5      | Reached skill level 5 in Fighting
  2039 | D:5      | Killed a phantom
  2040 | D:5      | Reached skill level 6 in Fighting
  2180 | D:5      | Noticed an ice beast
  2204 | D:4      | Reached XP level 6. HP: 56/58 MP: 5/5
  2514 | D:4      | Noticed a steam dragon
  2530 | D:4      | Killed from afar by a steam dragon

Illustrated notes

Levels and vault maps discovered:
D:1:      erik_arrival_cave_to_civilisation [erik_arrival_cave_to_hall],
          layout_basic, serial_shops, nicolae_shop_pleasant_corner_grove,
          chequers_ecumenical_altar_lobes
D:2:      layout_rooms, serial_bayou, serial_bayou_pond_e, serial_bayou_ford_a,
          serial_bayou_pond_d, serial_bayou_pond_c, uniq_robin
D:3:      layout_basic, mainiacjoe_overflow_small_starburst
D:4:      layout_basic, serial_shops, shop, eino_small_chamber_without_monster,
          uniq_sigmund
D:5:      layout_rooms, temple_hall, serial_glass, glass_columns_a,
          glass_columns_b, minmay_misc_feat_roman, dk_noncrumbling_4,
          minmay_misc_feat_diagonals, kennysheep_potato

Skill      XL: |  1  2  3  4  5 |
---------------+----------------+-----
Dodging        | 1 3 |  3.0
Shields        | 5 |  5.0
Fighting       | 4 6 |  6.5
Axes           | |  2.4
Armour         | |  3.6

Action                     |  1- 3 |  4- 6 || total
---------------------------+-------+-------++-------
  Melee: War axe           |    81 |    86 ||   167
         Headbutt          |     8 |    14 ||    22
  Evoke: Wand              |       |     2 ||     2
    Use: Scroll            |       |    11 ||    11
         Potion            |       |     4 ||     4
 Armour: Scale mail        |    47 |       ||    47
         Chain mail        |    20 |    86 ||   106
  Dodge: Dodged            |    43 |    41 ||    84
  Block: Buckler           |    22 |    27 ||    49
